[Event "31st MPL National U18 Chess-ch 2022"]
[Site "Pollachi"]
[Date "2022.04.20"]
[Round "6.9"]
[White "Krishnan Ritvik"]
[Black "Nawin M S"]
[Result "1-0"]
[ECO "B27"]
[WhiteElo "1761"]
[BlackElo "1704"]
[Annotator "NA RC COMBH"]
[PlyCount "153"]
[EventDate "2022.04.18"]
[EventCountry "IND"]
[SourceTitle "playchess.com"]
[Source "ChessBase"]
[SourceQuality "1"]
[TimeControl "5400+30"]

1. e4 c5 2. Nf3 g6 3. c3 Bg7 4. d4 cxd4 5. cxd4 d5 6. e5 a6 7. h3 Nc6 8. Nc3 f6 9. Bf4 fxe5 10. Nxe5 Nxe5 11. Bxe5 Bxe5 12. dxe5 e6 13. Bd3 Ne7 14. Qf3 Nc6 15. Qg3 Qc7 16. O-O Qxe5 17. f4 Qd4+ 18. Kh2 O-O 19. Rad1 Qg7 20. Na4 b5 21. Nc5 Ra7 22. Rc1 Rc7 23. Rfe1 Nd4 24. b4 Rcf7 25. Rf1 Kh8 26. Qe3 Re7 27. Bb1 Rfe8 28. Nd3 Nf5 29. Qe2 Nd6 30. Rc6 Nc4 31. Nc5 Rc7 32. Rxc7 Qxc7 33. Bd3 Nb6 34. Kh1 Qf7 35. Kh2 Nd7 36. Qb2+ Kg8 37. Qd4 Nxc5 38. Qxc5 Qe7 39. Qd4 Bb7 40. Re1 Qg7 41. Re5 Qc7 42. Qe3 Rf8 43. h4 Qf7 44. h5 Kg7 45. hxg6 hxg6 46. Rxe6 Qxf4+ 47. Qxf4 Rxf4 48. Rxg6+ Kf8 49. Rb6 Rf7 50. g4 Kg7 51. Bf5 Rc7 52. Kg3 Bc8 53. Bxc8 Rxc8 54. Rxa6 Rc3+ 55. Kh4 d4 56. Kh5 Rh3+ 57. Kg5 Rh2 58. Rd6 Rd2 59. Rd7+ Kf8 60. Kf6 Rf2+ 61. Ke5 Re2+ 62. Kd5 Rc2 63. Ke4 Rg2 64. Rxd4 Rxg4+ 65. Kd5 Rg2 66. Kc5 Ke7 67. Kxb5 Rxa2 68. Kc6 Rc2+ 69. Kb6 Rc1 70. b5 Rb1 71. Kc6 Rc1+ 72. Kb7 Rb1 73. b6 Rb2 74. Kc7 Rc2+ 75. Kb8 Rc1 76. b7 Rc2 77. Ra4 1-0

[Event "31st MPL National U18 Chess-ch 2022"]
[Site "Pollachi"]
[Date "2022.04.20"]
[Round "6.10"]
[White "Manish Anto Cristiano F"]
[Black "Gokulakrishna S"]
[Result "1-0"]
[ECO "E19"]
[WhiteElo "2236"]
[BlackElo "1400"]
[Annotator "TA"]
[PlyCount "91"]
[EventDate "2022.04.18"]
[EventCountry "IND"]
[SourceTitle "playchess.com"]
[Source "ChessBase"]
[SourceQuality "1"]
[TimeControl "5400+30"]

1. d4 Nf6 2. c4 e6 3. Nf3 b6 4. g3 Bb7 5. Bg2 Be7 6. O-O O-O 7. Nc3 Ne4 8. Qc2 Nxc3 9. Qxc3 d6 10. Qc2 f5 11. d5 {E19: Queen's Indian: Old Main Line with 7...Ne4 8 Qc2 Nxc3 8 Qxc3.} e5 {Against Nd4} ({Don't play} 11... exd5 12. Nd4 $16) 12. e4 fxe4 13. Nd2 {The position is equal.} e3 14. fxe3 Bc8 15. Ne4 {[#]} g6 $146 ({Predecessor:} 15... a5 16. Bd2 Nd7 17. b3 Qe8 18. Rxf8+ Qxf8 19. Rf1 Qe8 20. Bh3 Nf6 21. Bxc8 Qxc8 {½-½ (45) Taimanov,M-Kortschnoj,V Riga 1954}) 16. Bd2 Bf5 17. Rae1 Nd7 18. Qd1 Nc5 19. Nxc5 bxc5 20. e4 Bd7 21. Ba5 Rb8 22. b3 Bf6 23. Rf2 Qc8 {Black is now going downhill.} (23... Rc8 $14) 24. Ref1 $16 Kg7 25. Qc1 {Hoping for Bd2.} Be7 26. Rxf8 Bxf8 {[#]} 27. Qg5 $1 {0x0.0023821a128edp-1022s more active pieces.} Qd8 {Inhibits Qf6+.} (27... Kg8 $16) 28. Qxd8 $18 Rxd8 29. Bxc7 Rc8 30. Rxf8 $1 Rxf8 (30... Rxc7 {is a better defense.} 31. Rb8 Kf6 32. Rf8+ Kg7) 31. Bxd6 {[%mdl 4096] Endgame KRB-KB} Re8 32. Bxc5 a5 33. Bb6 a4 34. c5 {Black must now prevent c6.} Rc8 35. b4 a3 36. Bf1 Rf8 37. c6 Be8 38. Be2 Kf6 39. b5 {Threatening mate with Bc5.} Bf7 40. Bc5 {[%csl LRa3,LRf8] White mates.} Ra8 41. b6 Ra5 {[#]} 42. b7 $1 Rxc5 43. b8=Q Rc2 44. c7 Rxe2 45. c8=Q Rxa2 46. Qb6+ {Weighted Error Value: White=0.07 (flawless) /Black=0.47} 1-0

[Event "31st MPL National U18 Chess-ch 2022"]
[Site "Pollachi"]
[Date "2022.04.21"]
[Round "7.1"]
[White "Bharath Subramaniyam H"]
[Black "Srihari L R"]
[Result "0-1"]
[ECO "A06"]
[WhiteElo "2508"]
[BlackElo "2400"]
[Annotator "TA"]
[PlyCount "106"]
[EventDate "2022.04.18"]
[EventCountry "IND"]
[SourceTitle "playchess.com"]
[Source "ChessBase"]
[SourceQuality "1"]
[TimeControl "5400+30"]

1. b3 d5 2. Bb2 c5 3. e3 a6 4. Nf3 Nc6 5. g3 d4 6. Bg2 {[%emt 0:02:55] A06: Réti Opening: 1 Nf3 d5.} g6 7. O-O Bg7 {[%emt 0:00:17] [#]} 8. c4 $146 {[%emt 0:02:00] White is slightly better.} ({Predecessor:} 8. d3 Nf6 9. e4 O-O 10. Nbd2 b5 11. a4 Bb7 12. e5 Nd5 13. e6 f5 14. h4 {0-1 (46) Korovin,M (2311)-Zakhartsov,V (2486) Moscow 2018}) 8... Nh6 9. exd4 cxd4 (9... Bg4 {is more complex.} 10. h3 Bxf3 11. Bxf3 Qd7) 10. d3 O-O 11. Nbd2 a5 12. a3 e5 13. Rc1 f6 14. c5 Be6 15. Nc4 Qc7 16. Re1 Nf7 17. Nfd2 f5 18. Rb1 (18. Nb6 $5 ) 18... Na7 ({Black should try} 18... Qe7 $11) 19. b4 axb4 20. axb4 Nb5 21. Ra1 Nc3 22. Qc2 Rxa1 23. Bxa1 Rd8 (23... e4 $5) 24. Nb6 (24. Bxc3 dxc3 25. Qxc3 e4 $17) 24... e4 $1 25. dxe4 {[%emt 0:00:52] [#]} d3 $1 26. Qxc3 Bxc3 27. Bxc3 {[%emt 0:01:47] exf5 is the strong threat.} Ng5 28. exf5 ({Don't blunder} 28. Bf6 $2 Nxe4 29. Bxd8 Qxd8 30. Bxe4 fxe4 31. Rxe4 Qf6 $19) 28... Bxf5 {[%emt 0:00:01][%mdl 8192] [#]} (28... gxf5 $11 29. Bf6 Ne4 30. Bxd8 (30. Nxe4 $2 fxe4 31. Rd1 Bg4 $19) 30... Qxd8 31. Bxe4 (31. Nxe4 $2 fxe4 32. Bxe4 d2 $19) 31... fxe4 32. Rxe4 Qf6) 29. Bf6 $2 {[%emt 0:00:24] A strong pair of Bishops.} (29. Nd5 $1 $18 Qf7 30. Re7 (30. Ne7+ $2 Kf8 $19) 30... Qxd5 31. Bxd5+ Rxd5 32. Rxb7) 29... Ne6 $11 30. Bxd8 Qxd8 31. Bxb7 {[%emt 0:00:25] aiming for Bd5.} Qd4 32. Nbc4 Ng5 {[%emt 0:00:31] Hoping for ...Nh3+.} 33. Re3 $2 {[%emt 0:00:38] Black keeps a firm grip on the game.} ({But not} 33. Re8+ $2 Kg7 34. Bg2 Qa1+ 35. Bf1 Bh3 36. Re7+ Kf8 $19) (33. Bg2 $1 $11 {and White is okay.} Nh3+ 34. Bxh3 Bxh3 35. Re8+ Kg7 36. Re1) 33... Be6 $19 {[%emt 0:01:42][%mdl 1024] Black has strong compensation.} 34. c6 $2 (34. Rxe6 Nxe6 35. Be4) 34... Qa1+ 35. Nf1 {[%emt 0:00:00] [#]} Bd5 $1 (35... Bxc4 $2 36. c7 d2 37. c8=Q+ $18) 36. g4 Nf3+ (36... Bxc4 $2 37. c7 d2 38. c8=Q+ $18) 37. Rxf3 Bxf3 38. Ncd2 Bd5 39. b5 Qa5 40. Ba6 {[%emt 0:01:00] [#]} Bxc6 $1 41. Nc4 (41. bxc6 Qxa6) 41... Qa2 42. bxc6 Qxa6 43. Nb2 Qxc6 44. Nxd3 Qe4 45. Nc5 Qxg4+ 46. Ng3 h5 47. Nce4 Qf4 48. h4 Qxh4 {[%emt 0:00:11] ( -> ...Qf4)} 49. Nd2 Qg4 {[%emt 0:00:18] Black mates.} 50. Kh1 Qd1+ 51. Ngf1 g5 52. Kg2 g4 53. Nc4 Qd5+ {[%emt 0:00:02] Weighted Error Value: White=0.61/Black=0.18 (very precise)} 0-1

[Event "31st MPL National U18 Chess-ch 2022"]
[Site "Pollachi"]
[Date "2022.04.21"]
[Round "7.2"]
[White "Avinash Ramesh"]
[Black "Soham Kamotra"]
[Result "0-1"]
[WhiteElo "2402"]
[BlackElo "2229"]
[Annotator "TA"]
[PlyCount "19"]
[EventDate "2022.04.18"]
[EventCountry "IND"]
[SourceTitle "playchess.com"]
[Source "ChessBase"]
[SourceQuality "1"]
[TimeControl "5400+30"]

1. d4 Nf6 2. c4 e6 3. Bf4 b6 4. a3 {[%emt 0:00:21] [#]} Nh5 $146 ({Predecessor:} 4... Bb7 5. Nc3 d6 6. Nf3 Nbd7 7. Qc2 g6 8. e4 Bg7 9. Be2 O-O 10. O-O Qe7 11. Be3 {½-½ (60) Kavutskiy,K (2395)-Nagy,G (2518) San Jose 2022}) 5. Bg3 Nxg3 6. hxg3 {[%emt 0:00:08] A50: Queen's Fianchetto Defence (1 d4 Nf6 2 c4 b6).} c5 7. d5 g6 8. dxe6 (8. Nc3 $11 {keeps the balance.}) 8... dxe6 $17 9. Qd5 $2 {[%emt 1:25:47][%mdl 8192] [#]} Qd7 $4 10. Qxd7+ $2 {[%emt 0:00:00] Weighted Error Value: White=1.34/Black=1.23} (10. Qxa8 $18 Nc6 11. Nc3) 0-1

[Event "31st MPL National U18 Chess-ch 2022"]
[Site "Pollachi"]
[Date "2022.04.21"]
[Round "7.3"]
[White "Ayush Sharma"]
[Black "Krishnan Ritvik"]
[Result "0-1"]
[ECO "B29"]
[WhiteElo "2302"]
[BlackElo "1761"]
[Annotator "TA"]
[PlyCount "120"]
[EventDate "2022.04.18"]
[EventCountry "IND"]
[SourceTitle "playchess.com"]
[Source "ChessBase"]
[SourceQuality "1"]
[TimeControl "5400+30"]

1. e4 c5 2. Nf3 Nf6 3. Nc3 d5 4. e5 Nfd7 5. e6 fxe6 6. d4 {[%emt 0:00:00] B29: Sicilian: 2 Nf3 Nf6 (Nimzowitsch Variation).} g6 7. Ng5 {[%emt 0:10:21] Black must now prevent Bb5.} Nf6 $1 8. Bb5+ {[%emt 0:01:52] Black is slightly better.} Nc6 9. dxc5 d4 (9... e5 $1 $15) 10. Bxc6+ $11 bxc6 11. Ne2 $1 {[%emt 0:03:46] Pair of Knights!} e5 12. f4 Qa5+ 13. Qd2 $1 Qxc5 {[%emt 0:01:36] Strongly threatening ...Ng4.} 14. fxe5 Qxe5 {[%emt 0:00:47] Hoping for ...Ba6.} 15. Qxd4 Qd5 {[%emt 0:00:52] [#]} 16. Bf4 $146 (16. O-O $14) ({Predecessor:} 16. O-O e5 17. Qxd5 Nxd5 18. Ng3 Bc5+ 19. Kh1 Ba6 20. Re1 O-O 21. N5e4 Bf2 22. Nxf2 Rxf2 23. Rxe5 Rxc2 {½-½ (34) Johansen,S-Cross,A IECG email 1999}) 16... Bg4 ({Black should try} 16... Bh6 $15) 17. Qxd5 cxd5 18. Nd4 Rc8 {[%emt 0:12:09] [#]} 19. h3 $1 Bf5 20. g4 ({But not} 20. Nxf5 gxf5 21. O-O-O Rg8 $11) (20. O-O-O $14) 20... Be4 21. O-O h6 (21... h5 $5 ) 22. Nxe4 Nxe4 23. c3 Kd7 24. Be5 Rh7 25. Nf3 e6 26. Bd4 Bd6 27. Bxa7 e5 28. Kg2 (28. a4 $11) 28... Ke6 $1 $15 {[%emt 0:00:32][%mdl 1024] Black has compensation.} 29. Be3 Rb7 30. Bc1 d4 ({Better is} 30... Rcb8 $1 $15 31. b3 Rc8 32. Bxh6 Rxc3 33. Ng5+ Nxg5 34. Bxg5 d4 35. Rf6+ Kd5) 31. Re1 $1 $132 {[%emt 0:02:47][%mdl 2048] White is not keeping still} Kd5 32. Rd1 Ke6 33. cxd4 (33. Re1 $11 {keeps the balance.} Kd5 34. Re2) 33... Rc2+ $17 34. Kg1 {[%emt 0:00:01] [#]} Rf7 $1 {[%emt 0:01:12] 0x0.000e62c4cfb3dp-1022s more active pieces. The white rooks are badly placed.} 35. d5+ $2 {[%emt 0:00:48][%mdl 8192] White does not recover from this.} ({Don't go for} 35. Nxe5 $2 Rff2 36. Rd3 (36. Bxh6 $2 {is a self mate.} Rg2+ 37. Kf1 Ng3+ 38. Ke1 Rg1#) 36... Rg2+ 37. Kh1 Bxe5 38. dxe5 Ng3+ 39. Rxg3 Rxg3 $19) (35. Rf1 $17) 35... Kd7 $19 36. Rd3 Bc5+ 37. Kf1 Rf2+ 38. Ke1 R7xf3 39. Rxf3 Rxf3 40. Bxh6 (40. a4 $142) 40... Rxh3 41. Bc1 Rh2 42. a4 Bb4+ 43. Kd1 Rh1+ 44. Kc2 {[%emt 0:00:21] [#]} Bd2 45. a5 (45. Kd3 Nc5+) 45... Rxc1+ {[%emt 0:00:33] Black mates.} 46. Rxc1 Bxc1 47. Kxc1 {[%emt 0:00:27] KN-KP} Nc5 48. Kc2 Kd6 49. b4 Nd7 50. b5 Kxd5 {[%emt 0:00:09] KN-K3P} 51. Kd3 e4+ 52. Kc3 Kc5 53. a6 g5 54. Kd2 Kd4 55. Ke2 e3 56. Ke1 Kd3 57. Kd1 e2+ 58. Ke1 Ke3 59. a7 Ne5 60. a8=Q Nd3# {[%emt 0:00:03] Weighted Error Value: White=0.42/Black=0.19 (very precise)} 0-1

[Event "31st MPL National U18 Chess-ch 2022"]
[Site "Pollachi"]
[Date "2022.04.21"]
[Round "7.4"]
[White "Ilamparthi A R"]
[Black "Arul Anandh S P K"]
[Result "1-0"]
[ECO "A13"]
[WhiteElo "1969"]
[BlackElo "1759"]
[Annotator "TA"]
[PlyCount "99"]
[EventDate "2022.04.18"]
[EventCountry "IND"]
[SourceTitle "playchess.com"]
[Source "ChessBase"]
[SourceQuality "1"]
[TimeControl "5400+30"]

1. Nf3 d5 2. e3 Nf6 3. c4 e6 4. b3 c5 5. Bb2 Nc6 6. cxd5 exd5 7. Nc3 {[%emt 0:03:39] A13: English Opening: 1...e6.} d4 8. Na4 {[%emt 0:00:07] [#]} Bg4 $146 ({Predecessor:} 8... Be7 9. Rc1 dxe3 10. fxe3 Ne4 11. d3 Qa5+ 12. Ke2 Nf6 13. Qd2 Qxd2+ 14. Nxd2 b6 {0-1 (53) Mamedyarov,S (2770)-Wei,Y (2732) Chess.com INT 2020}) 9. Bb5 {[%emt 0:09:54] White has an edge.} Rc8 $1 10. h3 Bh5 11. exd4 cxd4 12. g4 Bg6 13. Nxd4 {[%emt 0:02:09] Black must now prevent 0-0.} Be7 14. O-O {[%emt 0:01:10] f4 is the strong threat.} O-O (14... h5 $1 $15) 15. Nxc6 $11 bxc6 16. Bc4 h5 17. Re1 $36 {[%emt 0:09:26][%mdl 2048] White has some pressure.} hxg4 18. hxg4 Bd6 19. Qf3 Nd5 {[%emt 0:03:25] [#]} 20. Be5 ({Better is} 20. Nc3 $1 $16 ) 20... Re8 21. Bxd6 Qxd6 22. Nc3 (22. Bxd5 $5 cxd5 23. Nc3 $14) 22... Nf4 (22... Nb4 $11 {keeps the balance.}) 23. Re3 $16 Rxe3 24. dxe3 Nd3 {[%emt 0:01:09] A mistake that costs the game.} (24... Ne6 $16) 25. Rd1 $18 {[%emt 0:01:35] Threatens to win with Bxd3.} Ne5 26. Rxd6 Nxf3+ 27. Kg2 Ne5 28. Be2 {[%emt 0:00:50] Hoping for f4.} Bh7 29. f4 Ng6 30. Rd7 Re8 31. Kf2 Re7 32. Rd8+ Nf8 33. Rc8 Re6 34. Bc4 Rd6 35. Ke2 {[%emt 0:00:06] Inhibits Bd3+.} Bc2 36. Rc7 Nd7 37. Rxa7 Kf8 38. Rb7 Ke7 (38... Ke8 $142 39. a4 Nc5) 39. e4 Rh6 40. Kd2 Rh2+ 41. Be2 Ke6 42. Kxc2 Nc5 43. Rb4 g5 44. Rc4 gxf4 45. Rxc5 f3 {[%emt 0:00:06] [#]} 46. Kd3 $1 fxe2 47. Nxe2 Rh3+ 48. Kd2 {[%emt 0:00:06] Rh5 would kill now.} Kd6 49. Rf5 Ke6 50. Nf4+ {[%emt 0:00:04] Weighted Error Value: White=0.16 (very precise) /Black=0.38} 1-0

[Event "31st MPL National U18 Chess-ch 2022"]
[Site "Pollachi"]
[Date "2022.04.21"]
[Round "7.5"]
[White "John Veny Akkarakaran"]
[Black "Rakshith Srinivasan"]
[Result "1/2-1/2"]
[ECO "C06"]
[WhiteElo "1687"]
[BlackElo "1856"]
[Annotator "NA RC COMBH"]
[PlyCount "87"]
[EventDate "2022.04.18"]
[EventCountry "IND"]
[SourceTitle "playchess.com"]
[Source "ChessBase"]
[SourceQuality "1"]
[TimeControl "5400+30"]

1. e4 e6 2. d4 d5 3. Nd2 Nf6 4. e5 Nfd7 5. Bd3 c5 6. c3 Nc6 7. Ne2 cxd4 8. cxd4 f6 9. exf6 Nxf6 10. Nf3 Bd6 11. O-O Qc7 12. Nc3 a6 13. Bg5 O-O 14. Bh4 Bd7 15. Re1 Rae8 16. Bg3 Bxg3 17. hxg3 e5 18. dxe5 Nxe5 19. Nxe5 (19. Bc2 $14 {was preferrable.}) 19... Rxe5 20. Be2 Rfe8 21. Qd2 Bc6 22. Rad1 Qe7 23. Kf1 Kf8 24. Bf3 a5 (24... Rxe1+ $11 25. Rxe1 Qxe1+ 26. Qxe1 Rxe1+ 27. Kxe1 Kf7) 25. Rxe5 Qxe5 26. Ne2 ({Not} 26. Nxd5 $2 Nxd5 27. Bxd5 Rd8 28. Qxa5 Rxd5 29. Rxd5 Bxd5 30. Qc5+ Kf7 $19) (26. Bxd5 $2 Rd8 27. Re1 Qc7 $19) 26... Bb5 27. Kg1 $1 Bxe2 28. Re1 Qd6 29. Rxe2 Rxe2 30. Qxe2 b6 31. g4 Qe7 32. Qd2 h6 33. g3 Qe5 34. Qf4 Qe6 35. g5 hxg5 36. Qxg5 Qd6 37. Qg6 Qc5 38. g4 Qd4 39. g5 Ne4 40. Qf5+ Ke7 41. Bg4 Nc5 42. Bf3 Ne4 43. Bg4 $11 Nc5 44. Bh5 1/2-1/2

[Event "31st MPL National U18 Chess-ch 2022"]
[Site "Pollachi"]
[Date "2022.04.21"]
[Round "7.6"]
[White "Mahendra Teja Mekala"]
[Black "Harshad S"]
[Result "0-1"]
[ECO "A01"]
[WhiteElo "1875"]
[BlackElo "2328"]
[Annotator "TA"]
[PlyCount "74"]
[EventDate "2022.04.18"]
[EventCountry "IND"]
[SourceTitle "playchess.com"]
[Source "ChessBase"]
[SourceQuality "1"]
[TimeControl "5400+30"]

1. b3 e5 2. Bb2 Nc6 3. e3 Nf6 4. Bb5 Bd6 5. Ne2 a6 6. Bxc6 {[%emt 0:00:16] A01: Nimzowitsch-Larsen Opening.} dxc6 7. O-O e4 8. Ng3 {[%emt 0:04:55] Black has an edge.} h5 {[%emt 0:00:00] aiming for ...Ng4.} 9. Bxf6 Qxf6 10. Nc3 Bxg3 11. fxg3 Qe5 12. d4 exd3 $1 13. Qxd3 {[%emt 0:00:11] [#]} Be6 $146 {[%emt 0:00:00] [#] Hoping for ...Rd8.} (13... O-O {looks sharper.} 14. Rf4 Bg4 15. Raf1 Rfd8) ({Predecessor:} 13... O-O 14. Rf4 Bg4 15. Raf1 Rae8 16. Re4 Qa5 17. h3 Be6 18. Kh2 Qg5 19. a4 Qg6 {½-½ (37) Kudr,R (2272)-Cvak,R (2237) ICCF email 2014}) 14. Qd4 Qxd4 15. exd4 O-O-O 16. Rad1 f6 17. Ne2 Bg4 $36 {[%emt 0:00:00][%mdl 2048] Black has good play.} 18. Rfe1 Rhe8 19. Kf2 c5 {[%emt 0:00:00] Strongly threatening ...cxd4.} 20. d5 (20. c3 $15) 20... c6 21. c4 (21. d6 $142) 21... cxd5 $17 22. cxd5 Kc7 23. d6+ (23. Rd2 $17) 23... Rxd6 $19 24. Rxd6 Kxd6 25. Nc3 Rxe1 26. Kxe1 {[%emt 0:00:09][%mdl 4096] Endgame KB-KN} Bd7 27. Kf2 Ke5 {[%emt 0:00:00] Prevents Ne4.} 28. Ne2 g5 {[%emt 0:00:00] Inhibits Nf4.} 29. h4 Bc6 30. hxg5 $2 {[%emt 0:00:36] [#]} (30. Ng1) 30... fxg5 {[%emt 0:00:00] Black is clearly winning.} 31. Ng1 b5 (31... Kf5 $142 32. Ne2 Ke4) 32. Nh3 Kf5 33. Kf1 Be4 34. Nf2 a5 35. Nd1 Ke5 36. Ne3 Kd4 37. Ke2 Ke5 $2 {[%emt 0:09:22][%mdl 32768] Weighted Error Value: White=0.55/Black=0.07 (flawless) . Sensor Board Error (Ke4/e5)?} (37... c4 $19 38. bxc4 bxc4) 0-1

[Event "31st MPL National U18 Chess-ch 2022"]
[Site "Pollachi"]
[Date "2022.04.21"]
[Round "7.7"]
[White "Vengatesh Krishnan C"]
[Black "Manish Anto Cristiano F"]
[Result "1/2-1/2"]
[ECO "D45"]
[WhiteElo "1506"]
[BlackElo "2236"]
[Annotator "TA"]
[PlyCount "106"]
[EventDate "2022.04.18"]
[EventCountry "IND"]
[SourceTitle "playchess.com"]
[Source "ChessBase"]
[SourceQuality "1"]
[TimeControl "5400+30"]

1. d4 d5 2. c4 c6 3. Nc3 Nf6 4. Nf3 e6 5. e3 Nbd7 6. a3 Bd6 7. Qc2 O-O 8. Bd3 {[%emt 0:01:56] D45: Semi-Slav: 5 e3.} dxc4 9. Bxc4 e5 10. h3 {[%emt 0:06:41] The position is equal.} h6 11. O-O Qc7 {[%emt 0:01:09] [#]} 12. e4 $146 ({Predecessor:} 12. Ba2 Re8 13. dxe5 Nxe5 14. Nd4 Kh8 15. Bd2 Ng6 16. Rad1 Nh4 17. Bc1 a6 18. f4 Ng6 {1-0 (35) Iturrizaga Bonelli,E (2625)-Salinas Herrera,P (2498) Sao Paulo 2019}) 12... Re8 13. Be3 exd4 14. Bxd4 Ne5 15. Nxe5 Bxe5 16. Rad1 Be6 17. Bxe6 Rxe6 18. Bxe5 Qxe5 19. Rfe1 Rae8 20. g3 h5 21. f4 Qc5+ 22. Qf2 Qxf2+ 23. Kxf2 h4 24. e5 Nh5 25. Rd7 (25. Ne2 $11 hxg3+ 26. Kf3) 25... hxg3+ $15 26. Kf3 g5 (26... f6 $15 27. Ne4 (27. Rxb7 fxe5 28. f5 Rf6 $17) 27... fxe5) 27. fxg5 Rxe5 28. Rxe5 Rxe5 $11 {[%emt 0:00:03][%mdl 4096] Endgame KRN-KRN} 29. Kg4 {[%emt 0:00:54] Inhibits Rf5.} ({Don't blunder} 29. Rxb7 $2 Rf5+ 30. Kg4 {[#]} (30. Kg2 Rf2+ 31. Kg1 Nf4 32. Rb8+ Kg7) 30... g2 $1 $19) 29... f6 30. h4 Re1 {[%emt 0:03:43] [#] And now ...g2 would win.} 31. Rd2 ({But not} 31. Kxh5 g2 32. Kg6 Kf8 $17) 31... Ng7 32. gxf6 Ne8 33. Kxg3 {[%emt 0:01:01] aiming for Rd7.} Nxf6 34. Re2 Rg1+ 35. Rg2 Rc1 36. Kf4+ Kf7 37. Kg5 b5 38. Rf2 Rg1+ 39. Kf5 Re1 (39... Ng4 $5 40. Re2 a5 $11) 40. Re2 Rh1 41. Kg5 a5 42. Ne4 Nd5 43. Nd6+ Kg7 44. Nf5+ Kh7 {[%emt 0:00:08] White must now prevent ...Rg1+.} 45. Ne7 (45. Nd4 $14) 45... Rg1+ 46. Kf5 Rf1+ 47. Kg5 Nf4 (47... Rg1+ $11 48. Kf5 Nxe7+ 49. Rxe7+ Kh6) 48. Rc2 (48. Re3 $14) 48... c5 49. Nf5 Ne6+ 50. Kf6 Rxf5+ 51. Kxe6 Rh5 (51... Rf3 $1 $11 {remains equal.}) 52. Kd6 $16 c4 53. Kc6 Kg6 {[%emt 0:35:40] Weighted Error Value: White=0.10 (very precise) /Black=0.13 (very precise)} 1/2-1/2

[Event "31st MPL National U18 Chess-ch 2022"]
[Site "Pollachi"]
[Date "2022.04.21"]
[Round "7.8"]
[White "Piyush Kumar"]
[Black "Vignesh B"]
[Result "0-1"]
[ECO "B32"]
[WhiteElo "1535"]
[BlackElo "2249"]
[Annotator "TA"]
[PlyCount "69"]
[EventDate "2022.04.18"]
[EventCountry "IND"]
[SourceTitle "playchess.com"]
[Source "ChessBase"]
[SourceQuality "1"]
[TimeControl "5400+30"]

1. e4 c5 2. Nf3 Nc6 3. d4 cxd4 4. Nxd4 e5 5. Nb5 d6 6. N1c3 a6 7. Na3 Be6 8. Nc4 Nf6 {[%emt 0:00:00] B32: Sicilian: Löwenthal and Kalashnikov Variations.} 9. Ne3 (9. Bg5) 9... Nd4 {[%emt 0:00:00] [#]} 10. Bc4 $146 ({Predecessor:} 10. g3 d5 11. Bg2 Bb4 12. O-O Bxc3 13. bxc3 dxe4 14. cxd4 exd4 15. Bb2 dxe3 16. fxe3 Qxd1 17. Rfxd1 {½-½ (38) Kovchan,A (2520)-Khader,S (2398) Kiev 2008}) 10... Rc8 {[%emt 0:00:00] The position is equal.} 11. Bb3 Be7 12. O-O O-O 13. f3 Qa5 14. Bd2 (14. Ncd5 Qd8 15. c3 Nxb3 16. Qxb3) 14... Qc5 15. Kh1 Rfd8 16. Bd5 b5 17. a3 Bf8 18. f4 Bxd5 (18... Re8 {with more complications.} 19. Rb1 Nc6 20. Qf3 exf4 21. Qxf4 Ne5) 19. exd5 {[%emt 0:00:00] Threatens to win with fxe5.} Re8 (19... Qb6) (19... Qb6 $11 {remains equal.}) 20. fxe5 $16 Rxe5 {[%emt 0:00:00] [#]} 21. Rxf6 $1 gxf6 {[%emt 0:00:00] [#]} 22. Ng4 $2 (22. Qg4+ Kh8 23. b4) ({White should try} 22. Qg4+ $1 $18 Kh8 23. b4) 22... Bg7 $1 $11 23. Be3 {[%emt 0:00:00] [#]} Rxe3 24. Nxe3 {[%emt 0:00:00] Black must now prevent Ne4. Pair of Knights!} Re8 {[%emt 0:00:00] Inhibits Ne4.} 25. Nf1 (25. Qd3) 25... Nf5 {[%emt 0:00:00] 0x0.0024a5c72a1adp-1022s more active pieces.} (25... f5) 26. Qg4 Re5 27. Rd1 {[%emt 0:00:00] [#]} (27. Nd2) (27. Nd2 $15) 27... Ne3 (27... Qf2 28. Ne4 Qxc2 29. Nxf6+ Kh8) (27... Qf2 $142 $1 28. Rc1 Kf8) 28. Nxe3 $17 Qxe3 29. h3 (29. Rf1) ({White should play} 29. Qh4) 29... f5 30. Qh4 f4 {[%emt 0:00:00] aiming for ...f3.} (30... Re8 31. Rf1 Qd2) 31. Rf1 {[%emt 0:00:00] Inhibits f3.} h6 (31... Re8) 32. Nd1 $2 (32. Rxf4 Qc1+ 33. Kh2 Rg5) (32. Qxf4 Qxf4 33. Rxf4 Re1+ 34. Kh2 Be5) (32. Qd8+ Kh7 33. Qd7 (33. Qxd6 Qd2)) ({Wrong is} 32. Rxf4 $2 Qc1+ 33. Kh2 Rg5 $19) ({But not} 32. Qxf4 $2 Qxf4 33. Rxf4 Re1+ 34. Kh2 Be5 $19) (32. Qd8+ $1 $11 {and White is okay.} Kh7 33. Qd7 (33. Qxd6 f3 $15)) 32... Qg3 $19 33. Qd8+ (33. Qxf4 Qxf4 34. Rxf4 Re1+ 35. Kh2 Be5) (33. Qxg3 fxg3 34. Nc3) ({Don't blunder} 33. Qxf4 $2 Qxf4 34. Rxf4 Re1+ 35. Kh2 Be5 $19) (33. Qxg3 fxg3 34. a4 (34. Nc3 $2 Re3 $19)) 33... Kh7 {[%emt 0:00:00] ( -> ...f3)} 34. Qb6 Re2 35. Qg1 {[%emt 0:00:00] Black used his chance.  Weighted Error Value: White=0.89/Black=0.20 (precise)} 0-1